 Dungeon Crawl Stone Soup version 0.21.1-1-g345015fe64 (webtiles) character file.

90 Kholdaimon the Charmwright (level 4, -2/38 HPs)
             Began as a Gnoll Skald on June 23, 2018.
             Killed by nerve-wracking pain
             ... invoked by Grinder
              (8 damage)
             ... on level 3 of the Dungeon.
             The game lasted 00:10:55 (2143 turns).

Kholdaimon the Charmwright (Gnoll Skald)            Turns: 2143, Time: 00:10:56

Health: -2/38      AC:  3    Str: 14    XL:     4   Next: 56%
Magic:  1/11       EV: 14    Int: 16    God:
Gold:   115        SH:  0    Dex: 14    Spells: 7/13 levels left

rFire    . . .     SeeInvis .   a - +0 hand axe
rCold    . . .     Gourm    .   (no shield)
rNeg     . . .     Faith    .   b - +0 leather armour
rPois    .         Spirit   .   (no helmet)
rElec    .         Reflect  .   (no cloak)
rCorr    .         Harm     .   (no gloves)
MR       .....                  (no boots)
Stlth    +.........             (no amulet)
HPRegen  0.12/turn              (no ring)
MPRegen  0.12/turn              (no ring)

@: shrouded
A: distributed training, fangs 1, strong nose
a: no special abilities


You were on level 3 of the Dungeon.
You were hungry.

You visited 1 branch of the dungeon, and saw 3 of its levels.

You collected 115 gold pieces.

Inventory:

Hand Weapons
 a - a +0 hand axe (weapon)
 h - a +1 dire flail of protection
Missiles
 e - 37 arrows
 f - 79 stones (quivered)
 r - a throwing net
Armour
 b - a +0 leather armour (worn)
 k - a +0 ring mail
 o - a +0 pair of gloves
Jewellery
 j - a cursed amulet of inaccuracy {unknown}
 m - an uncursed ring of see invisible {unknown}
Scrolls
 g - 2 scrolls of remove curse {unknown}
 i - a scroll of immolation {unknown}
 n - a scroll of enchant armour {unknown}
 p - a scroll of identify {unknown}
Potions
 l - 3 potions of curing {unknown}
Books
 c - a book of Battle

   Spells                             Type                      Level
   a - Infusion                       Charms                       1
   b - Shroud of Golubria             Charms/Translocation         2
   c - Song of Slaying                Charms                       2
   d - Spectral Weapon                Hexes/Charms                 3
   e - Regeneration                   Charms/Necromancy            3
Comestibles
 d - 4 rations


   Skills:
 + Level 4.6 Fighting
 + Level 1.1 Short Blades
 + Level 1.1 Long Blades
 + Level 4.6 Axes
 + Level 1.1 Maces & Flails
 + Level 1.1 Polearms
 + Level 1.1 Staves
 + Level 1.1 Slings
 + Level 1.1 Bows
 + Level 1.1 Crossbows
 + Level 1.1 Throwing
 + Level 2.7 Armour
 + Level 4.6 Dodging
 + Level 1.1 Stealth
 + Level 1.1 Shields
 + Level 1.1 Unarmed Combat
 + Level 5.1 Spellcasting
 + Level 0.9 Conjurations
 + Level 0.9 Hexes
 + Level 5.4 Charms
 + Level 0.9 Summonings
 + Level 0.9 Necromancy
 + Level 0.9 Translocations
 + Level 0.9 Transmutations
 + Level 0.9 Fire Magic
 + Level 0.9 Ice Magic
 + Level 0.9 Air Magic
 + Level 0.9 Earth Magic
 + Level 0.9 Poison Magic
 + Level 1.2 Invocations
 + Level 1.1 Evocations


You had 7 spell levels left.
You knew the following spells:

 Your Spells              Type           Power        Failure   Level  Hunger
a - Infusion              Chrm           ###.         1%          1    None
b - Shroud of Golubria    Chrm/Tloc      ##........   8%          2    #......
c - Regeneration          Chrm/Necr      ##........   14%         3    ###....


Dungeon Overview and Level Annotations

Branches:
Dungeon (3/15)

Altars:
Ru
The Shining One

Annotations:
D:3 Grinder


Innate Abilities, Weirdness & Mutations

Your experience applies equally to all skills.
You have very sharp teeth.
Your uncanny sense of smell can sniff out nearby items.


Message History

You shrug off the repeated paralysis!
Your shroud bends Grinder's attack away.
Your shroud bends Grinder's attack away!
Your shroud bends Grinder's attack away.
Grinder hits you.
You writhe in agony.
Grinder gestures at you. You resist with significant effort.
You can move again.
You slash Grinder!
Grinder is lightly wounded.
Grinder hits you!
You writhe in agony.
* * * LOW HITPOINT WARNING * * *
You hit Grinder. You bite Grinder.
Grinder is moderately wounded.
Grinder hits you but does no damage.
You hit Grinder.
Grinder is moderately wounded.
Grinder gestures at you. Pain shoots through your body!
You die...

∆ ### #.. #.# #####
#.# ##...###.# .#
#.....##.#######...
.#
#.........%@5......
.#
###.....##.#####.....
.# #......###.# ...
.# #.###### #.# .
.###.###### #.#
.#.............
..............# ∆
##.#.##########
##.#.#


You could see Grinder.

Vanquished Creatures
  3 adders (D:2)
  An ooze (D:3)
  4 worms (D:2)
  A ball python (D:2)
  A giant cockroach (D:2)
  6 goblins (D:2)
  5 hobgoblins
  11 jackals
  3 kobolds
  4 bats
  A frilled lizard (D:1)
  5 rats
45 creatures vanquished.

Notes
Turn   | Place    | Note
-------+----------+-------------------------------------------
     0 | D:1      | Kholdaimon the Gnoll Skald began the quest for the Orb.
     0 | D:1      | Reached XP level 1. HP: 20/20 MP: 6/6
   666 | D:1      | Reached XP level 2. HP: 26/26 MP: 7/7
   676 | D:1      | Learned a level 2 spell: Shroud of Golubria
   797 | D:2      | Found a glowing golden altar of the Shining One.
   937 | D:2      | Found a sacrificial altar of Ru.
  1047 | D:2      | Reached skill level 5 in Spellcasting
  1047 | D:2      | Reached XP level 3. HP: 31/31 MP: 3/9
  1052 | D:2      | Learned a level 3 spell: Regeneration
  1188 | D:2      | Reached skill level 1 in Invocations
  1449 | D:2      | Reached skill level 1 in Short Blades
  1449 | D:2      | Reached skill level 1 in Long Blades
  1449 | D:2      | Reached skill level 1 in Maces & Flails
  1449 | D:2      | Reached skill level 1 in Polearms
  1449 | D:2      | Reached skill level 1 in Staves
  1449 | D:2      | Reached skill level 1 in Slings
  1449 | D:2      | Reached skill level 1 in Bows
  1449 | D:2      | Reached skill level 1 in Crossbows
  1449 | D:2      | Reached skill level 1 in Throwing
  1449 | D:2      | Reached skill level 1 in Stealth
  1449 | D:2      | Reached skill level 1 in Shields
  1449 | D:2      | Reached skill level 1 in Unarmed Combat
  1449 | D:2      | Reached skill level 1 in Evocations
  1494 | D:2      | Reached XP level 4. HP: 38/38 MP: 1/11
  2101 | D:3      | Noticed Grinder
  2110 | D:3      | Paralysed by Grinder for 7 turns
  2134 | D:3      | Paralysed by Grinder for 7 turns
  2143 | D:3      | Killed from afar by Grinder

Skill      XL: |  1  2  3 |
---------------+----------+-----
Spellcasting   | 5 |  5.1
Invocations    | 1 |  1.2
Short Blades   | 1 |  1.1
Long Blades    | 1 |  1.1
Maces & Flails | 1 |  1.1
Polearms       | 1 |  1.1
Staves         | 1 |  1.1
Slings         | 1 |  1.1
Bows           | 1 |  1.1
Crossbows      | 1 |  1.1
Throwing       | 1 |  1.1
Stealth        | 1 |  1.1
Shields        | 1 |  1.1
Unarmed Combat | 1 |  1.1
Evocations     | 1 |  1.1
Fighting       | |  4.6
Axes           | |  4.6
Armour         | |  2.7
Dodging        | |  4.6
Conjurations   | |  0.9
Hexes          | |  0.9
Charms         | |  5.4
Summonings     | |  0.9
Necromancy     | |  0.9
Translocations | |  0.9
Transmutations | |  0.9
Fire Magic     | |  0.9
Ice Magic      | |  0.9
Air Magic      | |  0.9
Earth Magic    | |  0.9
Poison Magic   | |  0.9

Action                   |  1- 3 |  4- 6 || total
-------------------------+-------+-------++-------
Melee: Hand axe          |    76 |    76 ||   152
       Bite              |     9 |     5 ||    14
 Cast: Shroud of Golubri |     4 |     7 ||    11
       Infusion          |     4 |     4 ||     8
       Regeneration      |     2 |     4 ||     6
 Stab: Sleeping          |     1 |     1 ||     2
  Eat: Chunk             |     2 |     2 ||     4
Armor: Leather armour    |    18 |    11 ||    29
Dodge: Dodged            |    44 |    43 ||    87
